 Dungeon Crawl Stone Soup version 0.22.1-2-g9c5b331 (webtiles) character file.

50 HoaS the Ruffian (level 3, -2/34 HPs)
             Began as a Gargoyle Berserker on Dec 25, 2018.
             Was a Follower of Trog.
             Killed by divine providence
             ... invoked by an orc priest
              (9 damage)
             ... on level 2 of the Dungeon.
             The game lasted 00:03:34 (1094 turns).

HoaS the Ruffian (Gargoyle Berserker)               Turns: 1094, Time: 00:03:35

Health: -2/34      AC:  6    Str: 26    XL:     3   Next: 79%
Magic:  3/3        EV: 12    Int:  7    God:    Trog [*.....]
Gold:   90         SH:  0    Dex:  9    Spells: 2/2 levels left

rFire    . . .     SeeInvis .     - Unarmed
rCold    . . .     Gourm    .   (no shield)
rNeg     + . .     Faith    .   a - +0 animal skin
rPois    ∞         Spirit   .   (no helmet)
rElec    +         Reflect  .   (no cloak)
rCorr    .         Harm     .   (no gloves)
MR       .....                  j - +0 pair of boots
Stlth    ..........             (no amulet)
HPRegen  0.11/turn              (no ring)
MPRegen  0.08/turn              (no ring)

@: berserking, very quick
A: negative energy resistance 1, electricity resistance, unbreathing,
petrification resistance, rot immunity, AC +3
a: Berserk, Renounce Religion


You were on level 2 of the Dungeon.
You worshipped Trog.
Trog was aware of your devotion.
You were hungry.

You visited 1 branch of the dungeon, and saw 2 of its levels.

You collected 90 gold pieces.

Inventory:

Armour
 a - a +0 animal skin (worn)
 j - a +0 pair of boots (worn)
Jewellery
 c - a +4 ring of dexterity {unknown}
Potions
 d - a potion of flight {unknown}
 e - a potion of lignification {unknown}
 f - a potion of heal wounds {unknown}
 g - a potion of invisibility {unknown}
 h - a potion of degeneration {unknown}
 k - a potion of might {unknown}
Comestibles
 b - 5 rations
 i - 3 chunks of flesh


   Skills:
 - Level 3.2 Fighting
 - Level 2.1 Armour
 - Level 1.5 Dodging
 + Level 4.6 Unarmed Combat


You had 2 spell levels left.
You didn't know any spells.
Your spell library was empty.

Dungeon Overview and Level Annotations

Branches:
Dungeon (2/15)

Altars:


Innate Abilities, Weirdness & Mutations

You are resistant to torment.
Your stone body is resilient. (AC +3)
You are immune to poison.
You resist negative energy. (rN+)
You are resistant to electric shocks. (rElec)
You can survive without breathing.
You are immune to petrification.
You are immune to rotting.


Message History

* * * LOW HITPOINT WARNING * * *
The orc freezes you.
* * * LOW HITPOINT WARNING * * *
You punch the orc!
You kill the orc!
Trog accepts your kill.
Things that are here:
a whip of freezing; a dagger; a kobold corpse The kobold corpse isn't edible.
You start resting.
Eating one of 4 chunks of flesh.
You eat one of the 4 chunks of flesh.
This raw flesh tastes terrible.
An orc priest comes into view. It is wielding a flail.
Okay, then.
A red film seems to cover your vision as you go berserk!
You feel yourself moving faster!
You feel mighty!
You are feeling hungry.
The orc priest shouts!
The orc priest calls down the wrath of Beogh upon you.
Beogh smites you!
You die...

......# #....... ......#
#.....o ......# #.....
......# #.... #######
#####..o #...#..#
#.#.#..# #.#.#..#
###########.#.#.@#
..........#.#.#..########
######........#..)).....#
#........##.####...###
#....................#
####'#.####.##.......#
#.#)...#...#......#
#.########.#......#
#..........#......#


You could see an orc priest.

Vanquished Creatures
  An orc wizard (D:2)
  An adder (D:2)
  2 orcs (D:2)
  A hobgoblin (D:2)
  A kobold (D:2)
  2 bats (D:1)
  A frilled lizard (D:1)
  A goblin (D:1)
  5 rats
15 creatures vanquished.

Notes
Turn   | Place    | Note
-------+----------+-------------------------------------------
     0 | D:1      | HoaS the Gargoyle Berserker began the quest for the Orb.
     0 | D:1      | Reached XP level 1. HP: 14/14 MP: 1/1
   665 | D:2      | Reached XP level 2. HP: 6/19 MP: 2/2
  1050 | D:2      | Reached skill level 4 in Unarmed Combat
  1050 | D:2      | Reached XP level 3. HP: 12/23 MP: 3/3
  1094 | D:2      | Killed from afar by an orc priest

Skill      XL: |  1  2 |
---------------+-------+-----
Unarmed Combat | 4 |  4.6
Fighting       | |  3.2
Armour         | |  2.1
Dodging        | |  1.5

Action                   || total
-------------------------++-------
Melee: Unarmed           ||    60
       Punch             ||     1
Invok: Berserk           ||     1
  Use: Scroll            ||     5
  Eat: Chunk             ||     1
Armor: Animal skin       ||    20
Dodge: Dodged            ||    31
